 Dungeon Crawl Stone Soup version 0.29.1-15-g9cfb28693d (webtiles) character file.

Game seed: 8929292836069438418

46 sizableburger the Shooter (level 3, 0/21 HPs)
             Began as a Deep Elf Hunter on Mar 14, 2023.
             Slain by Terence
             ... wielding a +0 flail
              (4 damage)
             ... on level 2 of the Dungeon.
             The game lasted 00:01:50 (1216 turns).

sizableburger the Shooter (Deep Elf Hunter)         Turns: 1216, Time: 00:01:51

Health: 0/21       AC:  3    Str:  8    XL:     3   Next: 46%
Magic:  5/5        EV: 13    Int: 13    God:
Gold:   87         SH:  0    Dex: 20    Spells: 2/2 levels left

rFire   . . .      SeeInvis .   a - +0 shortbow
rCold   . . .      Faith    .   (shield currently unavailable)
rNeg    . . .      Spirit   .   c - +0 leather armour
rPois   .          Reflect  .   (no helmet)
rElec   .          Harm     .   (no cloak)
rCorr   .          Rampage  .   (no gloves)
Will    .....                   (no boots)
Stlth   ++........              (no amulet)
HPRegen 0.07/turn               (no ring)
MPRegen 0.09/turn               (no ring)

@: no status effects
A: no striking features
a: no special abilities


You were on level 2 of the Dungeon.
You visited 1 branch of the dungeon, and saw 2 of its levels.

You collected 87 gold pieces.

Inventory:

Hand Weapons
 a - a +0 shortbow (weapon)
Armour
 c - a +0 leather armour (worn)
Scrolls
 b - a scroll of immolation
 d - a scroll of vulnerability {unknown}
 f - 3 scrolls of identify
 g - a scroll of amnesia {unknown}
Potions
 e - a potion of ambrosia


   Skills:
 - Level 2.0 Fighting
 + Level 6.3 Ranged Weapons
 - Level 3.1 Dodging
 - Level 1.2 Stealth


You had 2 spell levels left.
You didn't know any spells.
Your spell library was empty.

Dungeon Overview and Level Annotations

Branches:
Dungeon (2/15)

Altars:

Annotations:
D:2 Terence


Message History

You shoot an arrow. The arrow closely misses the adder.
The adder closely misses you.
You shoot an arrow. The arrow hits the adder!
You kill the adder!
No target in view!
You see here an adder corpse.
Terence the Incautious comes into view.
He is wielding a +0 flail.
You shoot an arrow. The arrow hits Terence.
Terence shouts!
Terence is moderately wounded.
A rat comes into view.
You shoot an arrow. The arrow hits Terence.
Terence is heavily wounded.
You shoot an arrow. The arrow hits Terence.
Terence is heavily wounded.
Terence drinks a potion.
Terence is healed!
You shoot an arrow.
The arrow hits Terence but does no damage.
Fire: a) +0 shortbow
Press: ? - help, Q - select action Shift-Dir - straight line, f/p - Terence
Aim: Terence, wielding a +0 flail and wearing a +0 chain mail (72% to hit)
You shoot an arrow. The arrow hits the rat!
You kill the rat!
Unknown command.
You shoot an arrow.
The arrow hits Terence but does no damage.
You shoot an arrow. The arrow hits Terence.
Terence is lightly wounded.
You shoot an arrow. The arrow hits Terence.
Terence is moderately wounded.
Terence hits you with a +0 flail! x2
* * * LOW HITPOINT WARNING * * *
You are too injured to fight recklessly!
Okay, then.
Okay, then.
As you read the scroll labelled ZADIYR LUKATO, it crumbles to dust.
It is a scroll of identify.
e - a potion of ambrosia Terence hits you with a +0 flail.
You die...

#.##...# #......#
#.###..# ###.#?#..#
#...###..#
####.#......# .
####...........#
....####....####.######
......@@....# #.#
...####.....# #+#
#.....# #.....# ####..#
#..# #..# #...


You could see Terence.

Vanquished Creatures
  An adder (D:2)
  A ball python (D:1)
  4 endoplasms (D:1)
  A giant cockroach (D:1)
  3 goblins (D:1)
  6 hobgoblins
  2 jackals (D:1)
  A quokka (D:1)
  5 bats (D:1)
  6 frilled lizards (D:1)
  2 kobolds (D:1)
  2 rats
34 creatures vanquished.

Notes
Turn   | Place    | Note
-------+----------+-------------------------------------------
     0 | D:1      | sizableburger the Deep Elf Hunter began the quest for the
                  | Orb.
     0 | D:1      | Reached XP level 1. HP: 12/12 MP: 3/3
   189 | D:1      | Reached XP level 2. HP: 16/17 MP: 4/4
   414 | D:1      | Reached XP level 3. HP: 13/21 MP: 5/5
   865 | D:1      | Reached skill level 6 in Ranged Weapons
  1207 | D:2      | Noticed Terence
  1216 | D:2      | Slain by Terence

Illustrated notes

Levels and vault maps discovered:
D:1:      kennysheep_arrival_seaside, layout_basic
D:2:      layout_basic, hellmonk_ecumenical_altar_zigzags, serial_shops,
          nicolae_shop_hallway_plus, minivault_24, item_on_display_b,
          uniq_terence

Skill      XL: |  1  2  3 |
---------------+----------+-----
Dodging        | 3 |  3.1
Fighting       | 2 |  2.0
Ranged Weapons | 6 |  6.3
Stealth        | |  1.2

Action                   || total
-------------------------++-------
 Fire: Shortbow          ||    98
  Use: Scroll            ||     1
Armor: Leather armour    ||    10
Dodge: Dodged            ||    21
